 Dungeon Crawl Stone Soup version 0.32-a0-799-g95e1662365 (webtiles) character file.

Game seed: 16825809435518295595

105 hikkokomori the Chiller (level 4, -3/33 HPs)
             Began as a Coglin Ice Elementalist on Mar 21, 2024.
             Slain by an orc warrior
             ... wielding a +0 hand axe
              (15 damage)
             ... on level 3 of the Dungeon.
             The game lasted 00:03:53 (2344 turns).

hikkokomori the Chiller (Coglin Ice Elementalist)   Turns: 2344, Time: 00:03:53

Health: -3/33      AC:  2    Str:  8    XL:     4   Next: 81%
Magic:  7/7        EV: 11    Int: 16    God:
Gold:   141        SH:  0    Dex: 15    Spells: 7/8 levels left

rFire   . . .        o - +0 sling {Hilda}
rCold   . . .        (no shield)
rNeg    . . .        a - +0 robe
rPois   .            (no helmet)
rElec   .            (no cloak)
rCorr   .            (no gloves)
SInv    .            (no boots)
Will    .....        (amulet unavailable)
Stlth   ++           (ring unavailable)
HPRegen 0.25/turn    (ring unavailable)
MPRegen 0.10/turn    (no gizmo)

%: no passive effects
@: revving
A: off-hand wielding, slow wielding, warmup strikes, no jewellery
a: Invent Gizmo


You were on level 3 of the Dungeon.
You visited 1 branch of the dungeon, and saw 3 of its levels.

You collected 141 gold pieces.

Inventory:

Hand Weapons
 j - a +0 dagger
 o - a +0 sling (weapon) {Hilda}
Armour
 a - a +0 robe (worn)
Scrolls
 c - 3 scrolls of identify {unknown}
 e - a scroll of amnesia {unknown}
 f - 2 scrolls of immolation {unknown}
 g - a scroll of enchant armour {unknown}
 i - a scroll of noise {unknown}
 k - a scroll of blinking {unknown}
 l - a scroll of teleportation {unknown}
 n - a scroll of fear {unknown}
Potions
 b - a potion of magic
 d - 2 potions of mutation {unknown}
 h - a potion of heal wounds {unknown}
 m - a potion of cancellation {unknown}


   Skills:
 + Level 1.7 Fighting
 - Level 2.1 Dodging
 - Level 2.0 Stealth
 + Level 2.6 Spellcasting
 + Level 4.2 Ice Magic


You had 7 spell levels left.
You knew the following spells:

 Your Spells              Type           Power      Damage    Failure   Level
a - Freeze                Ice            60%        1d7       3%          1

Your spell library contained the following spells:

 Spells                   Type           Power      Damage    Failure   Level
 Frozen Ramparts          Ice            30%        1d5       10%         3
 Ozocubu's Armour         Ice            15%        N/A       10%         3
 Slow                     Hex            8%         N/A       21%         1
 Hailstorm                Conj/Ice       8%         3d5       24%         3
 Summon Ice Beast         Ice/Summ       8%         N/A       24%         3
 Confusing Touch          Hex            2%         N/A       52%         3
 Vampiric Draining        Necr           2%         2d6       52%         3


Dungeon Overview and Level Annotations

Branches:
Dungeon (3/15)

Altars:
Uskayaw

Shops:
D:1 ?


Innate Abilities, Weirdness & Mutations

You can wield a second weapon in your off-hand.
It takes a long time for you to wield or remove held weapons.
Your first few attacks do less damage.
You cannot equip rings or amulets.


Message History

You feel sick.
You feel sick.
You feel sick.
You feel sick.
You are no longer poisoned.
Your magical contamination has completely faded away.
You see here an adder corpse.
Found a stone staircase leading down.
Found 5 stones.
You open the door.
There is an open door here.
An orc warrior comes into view. It is wielding a +0 hand axe.
The orc warrior shouts!
You hear a shout! x3
An orc wizard comes into view. It is wielding a +0 dagger.
The orc warrior moves out of view.
You shoot a sling bullet.
The sling bullet barely misses the orc wizard.
The orc wizard mumbles some strange words.
The orc wizard flickers and vanishes!
Deactivating autopickup; reactivate with Ctrl-A.
A goblin comes into view. It is wielding a +0 dagger.
You shoot a sling bullet.
The sling bullet hits the orc warrior but does no damage.
A puff of flame appears from out of thin air!
The puff of flame hits you!
An orc priest comes into view. It is wielding a +0 flail.
You hear a shout!
The orc priest shouts, "Surrender to Beogh and we'll let you live!" (press Y on the ability menu to convert to Beogh)
Okay, then.
Unknown command.
You aren't carrying any items that you can evoke.
There is an open door here.
You close the door.
You start resting.
Something unseen opens the door.
You shoot a sling bullet.
The sling bullet hits the orc warrior but does no damage.
The orc warrior hits you with a +0 hand axe! x2
You die...

........≈≈≈...
############...≈!≈.##
####..............≈≈≈... .
#........###.####.)...## .o.
#........+....( ........
....g#........###.#######.#.#
#......o...g........... .#.#
.#....###+##o#..####### .# #
#.#....##.##@#........#
.#.#....#.##.##.#####.#.
.#.#.#.....#.............
#.#.#.#....#####.#####+##
#.#.#.#.#...# ###.#
.#.#.#.#.#..###...#
#.#.#.#.#...##..###
.#.#.#.#.......##
#.#.#.#....>####


You could see an orc warrior and a goblin.

Vanquished Creatures
  Terence (D:2)
  2 adders
  A gnoll (D:1)
  A ribbon worm (D:2)
  A dart slug (D:2)
  4 endoplasms
  6 giant cockroaches (D:2)
  9 goblins
  4 hobgoblins
  4 ball pythons
  2 bats (D:1)
  5 frilled lizards
  2 kobolds
  3 rats (D:2)
45 creatures vanquished.

Notes
Turn   | Place    | Note
-------+----------+-------------------------------------------
     0 | D:1      | hikkokomori the Coglin Ice Elementalist began the quest for
                  | the Orb.
     0 | D:1      | Reached XP level 1. HP: 13/13 MP: 3/3
    82 | D:1      | Found a faded altar of an unknown god.
   302 | D:1      | Reached XP level 2. HP: 19/19 MP: 0/4
   442 | D:1      | Found Fukhah's Magic Scroll Emporium.
   949 | D:2      | Found a hide-covered altar of Uskayaw.
   976 | D:2      | Reached XP level 3. HP: 24/24 MP: 4/6
  1139 | D:2      | Noticed Terence
  1208 | D:2      | Killed Terence
  1209 | D:2      | Reached skill level 1 in Fighting
  1209 | D:2      | Reached skill level 4 in Ice Magic
  1209 | D:2      | Reached XP level 4. HP: 12/32 MP: 1/7
  1611 | D:2      | You fall into a shaft and drop 1 floor!
  2328 | D:3      | Noticed an orc warrior
  2344 | D:3      | Slain by an orc warrior

Illustrated notes

Levels and vault maps discovered:
D:1:      ldierk_walled_garden_2, layout_loops_ring, serial_shops,
          nicolae_shop_stone, shapermc_ecumenical_altar_mp_ritualfount
D:2:      layout_basic, basic_altar, minmay_worlds_worst_comb, uniq_terence
D:3:      layout_basic, serial_shops, shop, corexii_item_surrounded_by_moat,
          nicolae_the_louvre

Skill      XL: |  1  2  3 |
---------------+----------+-----
Dodging        | 2 |  2.1
Spellcasting   | 2 |  2.6
Stealth        | 2 |  2.0
Fighting       | 1 |  1.7
Ice Magic      | 4 |  4.2

Action                     |  1- 3 |  4- 6 || total
---------------------------+-------+-------++-------
  Melee: Unarmed           |    35 |       ||    35
   Fire: Sling             |       |     6 ||     6
   Cast: Freeze            |    39 |    37 ||    76
   Stab: Sleeping          |     1 |       ||     1
 Armour: Robe              |    42 |    26 ||    68
  Dodge: Dodged            |    53 |    10 ||    63

Table legend: (Time is in decaauts)
 A = Elapsed time spent in this place.
 B = Non-inter-level travel time spent in this place.
 C = Inter-level travel time spent in this place.
 D = Time resting spent in this place.
 E = Time spent auto-exploring this place.
 F = Levels seen in this place.
 G = Mean time per level.
                   A        B        C        D        E       F      G
               +--------+--------+--------+--------+--------+-----+--------+
         Total |   2347 |   2277 |     70 |      6 |   1916 |   3 |  782.3 |
       Dungeon |   2347 |   2277 |     70 |      6 |   1916 |   3 |  782.3 |
               +--------+--------+--------+--------+--------+-----+--------+

Top non-repeatable levels by time:
     D:2: 1130 daAuts
     D:1: 950 daAuts
     D:3: 266 daAuts
